AoeStats
← zygarde02.02.2000

Arabia

504406467Analyzed
3v3 RM · 27d ago on Sep 5, 2026· 29m 51s· 6 players
Game mode
Random Map
Map size
Normal (6 player)
Population
200
Speed
Normal
Resources
Standard
Victory
Conquest
Starting age
Dark Age
Ending age
Imperial Age
RankedLock teamsTeams togetherTeam positionsShared explorationLock speedFull tech treeHidden civsTurbo modeCheats
Victory
Defeat
🇵🇪 Huns · Peru
996
+13
🇺🇸 Mongols · United States
985
+14
🇺🇸 Khmer · United States
982
+14
🇮🇳 Persians · India
1032
-17
🇮🇳 Romans · India
1001
-16
🇮🇳 Khmer · India
776
-25
Funesh
12:24 Feudal Age
12:52 Loom
22:29 Castle Age
zygarde02.02.2000
3:28 Loom
10:31 Feudal Age
8:48 Loom
12:09 Wheelbarrow
11:48 Horse Collar
12:09 Double-Bit Axe
16:12 Gold Mining
16:13 Stone Mining
20:57 Castle Age
22:27 Hand Cart
27:47 Husbandry
27:58 Bloodlines
29:37 Pikeman
arpeetmakasare123
4:27 Loom
11:14 Feudal Age
12:52 Man-at-Arms
13:36 Double-Bit Axe
15:14 Horse Collar
19:25 Castle Age
18:04 Stone Mining
19:42 Scale Mail Armor
20:15 Pikeman
22:01 Long Swordsman
Enocxd123
9:42 Loom
12:27 Feudal Age
13:46 Wheelbarrow
17:36 Castle Age
18:34 Hand Cart
18:32 Husbandry
20:37 Thumb Ring
20:33 Fletching
20:43 Padded Archer Armor
21:29 Bodkin Arrow
22:29 Padded Archer Armor
26:06 Bloodlines
gxapolinario95
4:09 Loom
11:40 Feudal Age
15:01 Castle Age
14:46 Horse Collar
15:22 Double-Bit Axe
19:23 Fletching
20:40 Bloodlines
20:42 Fletching
21:42 Husbandry
25:03 Gold Mining
25:27 Bow Saw
26:44 Forging
Xavi
9:14 Feudal Age
15:57 Castle Age
14:53 Loom
16:55 Scale Barding Armor
18:27 Double-Bit Axe
19:59 Husbandry
22:03 Wheelbarrow
22:10 Gold Mining
22:31 Bow Saw
26:27 Hand Cart
26:25 Bloodlines
Connection lost

Rejoining the realm…

Still unreachable

The connection could not be restored.

Session expired

The server has moved on; the page needs a fresh start.